 Dungeon Crawl Stone Soup version 0.26.0-10-g1f06aea511 (console) character file.

Game seed: 4777841370133444355

19103 doot the Destroyer (level 12, -4/91 HPs)
             Began as a Gnoll Conjurer on Jan 29, 2021.
             Was an Elder of Vehumet.
             Killed from afar by an orc sorcerer (25 damage)
             ... with a bolt of fire
             ... on level 2 of the Orcish Mines on Feb 1, 2021.
             The game lasted 00:45:52 (19228 turns).

doot the Destroyer (Gnoll Conjurer)                Turns: 19228, Time: 00:45:53

Health: -4/91      AC: 12    Str: 11    XL:     12   Next: 65%
Magic:  0/25       EV: 15    Int: 24    God:    Vehumet [****..]
Gold:   1166       SH:  0    Dex: 14    Spells: 18/29 levels left

rFire    . . .     SeeInvis .   K - +4 dire flail (drain)
rCold    . . .     Faith    .   (shield currently unavailable)
rNeg     + . .     Spirit   +   s - +2 ring mail {rN+}
rPois    .         Reflect  .   m - +2 hat
rElec    .         Harm     .   y - +0 cloak
rCorr    .         Rampage  .   (no gloves)
Will     +....                  (no boots)
Stlth    ++++......             l - amulet of guardian spirit
HPRegen  0.25/turn              n - ring of willpower
MPRegen  0.19/turn              N - ring of stealth

@: lethally poisoned (-4 -> -5), studying Maces & Flails
A: distributed training, fangs 1, strong nose
a: Renounce Religion


You were on level 2 of the Orcish Mines.
You worshipped Vehumet.
Vehumet was greatly pleased with you.
You visited 3 branches of the dungeon, and saw 15 of its levels.

You collected 1166 gold pieces.

Inventory:

Hand Weapons
 h - a +0 dagger
 C - a +2 spear of flaming
 K - a +4 dire flail of draining (weapon)
Armour
 a - a +0 robe
 m - a +2 hat (worn)
 s - a +2 ring mail of positive energy (worn)
 y - a +0 cloak (worn)
 D - a +0 kite shield
 L - +0 steam dragon scales
 Q - a +0 troll leather armour
Magical Staves
 w - an uncursed staff of death
Jewellery
 l - an amulet of guardian spirit (around neck)
 n - a ring of willpower (left hand)
 N - a ring of stealth (right hand)
Wands
 r - a wand of random effects (19)
 G - a wand of paralysis (8)
 J - a wand of flame (16)
Scrolls
 b - 2 scrolls of enchant weapon {unknown}
 d - 15 scrolls of identify {unknown}
 e - 4 scrolls of remove curse {unknown}
 o - 6 scrolls of teleportation {unknown}
 p - 5 scrolls of fear {unknown}
 q - 2 scrolls of noise {unknown}
 u - 3 scrolls of amnesia {unknown}
 z - 2 scrolls of fog {unknown}
 E - 2 scrolls of enchant armour {unknown}
 F - 3 scrolls of immolation {unknown}
 I - a scroll of blinking {unknown}
Potions
 c - 6 potions of ambrosia
 f - a potion of magic {unknown}
 g - a potion of heal wounds
 i - a potion of berserk rage {unknown}
 j - 8 potions of curing
 k - 2 potions of lignification {unknown}
 t - 3 potions of brilliance
 v - a potion of flight {unknown}
 x - a potion of attraction {unknown}
 A - a potion of might {unknown}
 B - a potion of cancellation {unknown}
 O - a potion of invisibility {unknown}
 P - a potion of degeneration {unknown}
Books
 M - a manual of Maces & Flails


   Skills:
 + Level 7.5 Fighting
 + Level 7.5 Short Blades
 + Level 7.5 Long Blades
 + Level 7.5 Axes
 + Level 9.5 Maces & Flails
 + Level 7.5 Polearms
 + Level 7.5 Staves
 + Level 7.5 Slings
 + Level 7.5 Bows
 + Level 7.5 Crossbows
 + Level 7.5 Throwing
 + Level 7.5 Armour
 + Level 8.9 Dodging
 + Level 8.6 Stealth
 + Level 7.5 Shields
 + Level 7.5 Unarmed Combat
 + Level 9.1 Spellcasting
 + Level 9.5 Conjurations
 + Level 6.2 Hexes
 + Level 6.2 Summonings
 + Level 6.2 Necromancy
 + Level 6.2 Translocations
 + Level 6.2 Transmutations
 + Level 6.2 Fire Magic
 + Level 6.2 Ice Magic
 + Level 6.2 Air Magic
 + Level 6.2 Earth Magic
 + Level 6.2 Poison Magic
 + Level 8.2 Invocations
 + Level 7.5 Evocations


You had 18 spell levels left.
You knew the following spells:

 Your Spells              Type           Power        Failure   Level
a - Magic Dart            Conj           100%         1%          1
b - Searing Ray           Conj           100%         1%          2
c - Fulminant Prism       Conj/Hex       24%          1%          4
d - Iskenderun's Mystic   Conj/Tloc      48%          1%          4

Your spell library contained the following spells:

 Spells                   Type           Power        Failure   Level
 Hailstorm                Conj/Ice       48%          1%          4
 Dazzling Flash           Conj/Hex       96%          1%          3


Dungeon Overview and Level Annotations

Branches:
Dungeon (12/15)            Temple (1/1) D:7            Lair (0/6) D:10
    Orc (2/2) D:10
    Elf: Orc:2

Altars:
Ashenzari
Cheibriados
Dithmenos
Elyvilon
Fedhas
Gozag
Hepliaklqana
Kikubaaqudgha
Makhleb
Nemelex Xobeh
Okawaru
Qazlal
Ru
Sif Muna
Trog
Uskayaw
Vehumet
Wu Jian
Xom
Yredelemnul
Zin
The Shining One
Beogh

Shops:
D:11 (


Innate Abilities, Weirdness & Mutations

Your experience applies equally to all skills.
You have very sharp teeth.
Your uncanny sense of smell can sniff out nearby items.


Message History

Casting: Iskenderun's Mystic Blast (mildly dangerous; 1% risk of failure)
Confirm with . or Enter, or press ? or * to list all spells.
You don't have enough magic to cast that spell.
Unknown command.
You feel sick.
The orc wizard gestures wildly while chanting.
The orc wizard seems to speed up.
You feel sick.
Casting: Iskenderun's Mystic Blast (mildly dangerous; 1% risk of failure)
Confirm with . or Enter, or press ? or * to list all spells.
You don't have enough magic to cast that spell.
Casting: Iskenderun's Mystic Blast (mildly dangerous; 1% risk of failure)
Confirm with . or Enter, or press ? or * to list all spells.
Aiming: Fulminant Prism (mildly dangerous; 1% risk of failure)
Press: ? - help, Dir - move target You conjure a prism of explosive energy!
A fulminant prism comes into view.
The orc sorcerer casts a spell at you. The bolt of fire hits you!!
You die...

##........#........#
#.........##.......##
##.......##........###
#.#........#...........#
#..........<#.#......#..
.........#.##..........#
..........####..........
...........##...........
..###................... #
#...............##.##
##..@........#..####
#...........#...#
##.##.*$.#...#.##
###.o......#### #.##.......###
###.^........#.# # ##
##.............##
.##.##.##...o...........#####.
....o..)###..............#....
##..#o..o....$.............#
#..o...o.....#.##.........###


You could see an orc sorcerer and a friendly fulminant prism.

Vanquished Creatures
  Nessos (Orc:2)
  Josephine (D:10)
  Harold (D:10)
  A boulder beetle (D:11)
  An orc high priest (Orc:1)
  A skeletal warrior (D:11)
  A necromancer (D:11)
  An orc sorcerer (Orc:1)
  A deep elf mage (D:11)
  2 cyclopes (D:11)
  A centaur zombie (D:10)
  Maggie (D:6)
  A gargoyle (D:10)
  A hornet (D:7)
  3 trolls
  Grinder (D:3)
  4 flying skulls (D:11)
  4 shadows (D:11)
  A wyvern (D:9)
  2 water elementals (D:11)
  6 wraiths
  3 yaks
  Edmund (D:6)
  6 wargs
  A water moccasin (D:11)
  15 orc warriors
  3 ice beasts
  A phantom (D:4)
  3 sky beasts
  A black bear (D:11)
  2 necrophages
  9 ogres
  A centaur (D:10)
  A gnoll sergeant (D:6)
  A bullfrog (D:7)
  A water moccasin zombie (D:10)
  A wyvern skeleton (D:11)
  3 scorpions
  7 killer bees
  7 howler monkeys
  8 wights
  5 electric eels (D:11)
  A quasit (D:5)
  7 bullfrog zombies
  2 jellies
  3 centaur skeletons (D:11)
  16 orc wizards
  16 orc priests
  3 hounds
  2 iguanas
  A bullfrog skeleton (D:11)
  Jessica (D:3)
  Ijyb (D:3)
  Terence (D:2)
  4 worker ants
  A hound zombie (D:11)
  2 hound skeletons
  3 worker ant zombies (D:11)
  12 gnolls
  16 adders
  A howler monkey skeleton (D:11)
  4 white imps
  An ufetubus (D:5)
  An ooze (D:2)
  2 adder zombies (D:6)
  A worm (D:2)
  2 dart slugs
  6 leopard geckos
  69 orcs
  2 ball pythons
  6 giant cockroaches
  7 goblins
  10 hobgoblins
  15 jackals
  4 quokkas
  6 bats
  2 frilled lizards
  6 kobolds
  A quokka skeleton (D:8)
  6 rats
360 creatures vanquished.

Vanquished Creatures (others)
  An orc warrior (D:10)
  An orc priest (Orc:2)
  42 fulminant prisms
  11 plants
55 creatures vanquished.

Grand Total: 415 creatures vanquished

Notes
Turn   | Place    | Note
-------+----------+-------------------------------------------
     0 | D:1      | doot the Gnoll Conjurer began the quest for the Orb.
     0 | D:1      | Reached XP level 1. HP: 13/13 MP: 6/6
   187 | D:1      | Reached XP level 2. HP: 19/19 MP: 4/7
   233 | D:1      | Learned a level 2 spell: Searing Ray
   531 | D:1      | Reached XP level 3. HP: 25/25 MP: 5/9
   534 | D:1      | Reached skill level 5 in Spellcasting
  1156 | D:2      | Reached skill level 1 in Invocations
  1266 | D:2      | Reached skill level 1 in Fighting
  1266 | D:2      | Reached skill level 1 in Short Blades
  1266 | D:2      | Reached skill level 1 in Long Blades
  1266 | D:2      | Reached skill level 1 in Axes
  1266 | D:2      | Reached skill level 1 in Maces & Flails
  1266 | D:2      | Reached skill level 1 in Polearms
  1266 | D:2      | Reached skill level 1 in Staves
  1266 | D:2      | Reached skill level 1 in Slings
  1266 | D:2      | Reached skill level 1 in Bows
  1266 | D:2      | Reached skill level 1 in Crossbows
  1266 | D:2      | Reached skill level 1 in Throwing
  1266 | D:2      | Reached skill level 1 in Armour
  1266 | D:2      | Reached skill level 1 in Shields
  1266 | D:2      | Reached skill level 1 in Unarmed Combat
  1266 | D:2      | Reached skill level 1 in Evocations
  1334 | D:2      | Noticed Terence
  1335 | D:2      | Reached XP level 4. HP: 32/32 MP: 4/11
  1483 | D:2      | Reached skill level 1 in Hexes
  1483 | D:2      | Reached skill level 1 in Summonings
  1483 | D:2      | Reached skill level 1 in Necromancy
  1483 | D:2      | Reached skill level 1 in Translocations
  1483 | D:2      | Reached skill level 1 in Transmutations
  1483 | D:2      | Reached skill level 1 in Fire Magic
  1483 | D:2      | Reached skill level 1 in Ice Magic
  1483 | D:2      | Reached skill level 1 in Air Magic
  1483 | D:2      | Reached skill level 1 in Earth Magic
  1483 | D:2      | Reached skill level 1 in Poison Magic
  1678 | D:2      | Reached XP level 5. HP: 35/37 MP: 9/12
  1778 | D:2      | Killed Terence
  1951 | D:2      | Learned a level 4 spell: Fulminant Prism
  1956 | D:2      | Learned a level 4 spell: Iskenderun's Mystic Blast
  2526 | D:3      | Noticed Jessica
  2533 | D:3      | Killed Jessica
  2545 | D:3      | Noticed Ijyb
  2582 | D:3      | Killed Ijyb
  2583 | D:3      | Reached XP level 6. HP: 40/44 MP: 0/13
  2992 | D:3      | Noticed Grinder
  3001 | D:3      | Killed Grinder
  3002 | D:3      | Reached skill level 5 in Dodging
  3002 | D:3      | Reached XP level 7. HP: 40/50 MP: 0/15
  3419 | D:4      | Reached skill level 5 in Stealth
  3970 | D:5      | Entered Level 5 of the Dungeon
  4084 | D:5      | Reached XP level 8. HP: 53/57 MP: 8/16
  5359 | D:5      | You fall into a shaft and drop 3 floors!
  5635 | D:7      | Found a staircase to the Ecumenical Temple.
  5645 | Temple   | Entered the Ecumenical Temple
  5806 | Temple   | Became a worshipper of Vehumet
  5821 | D:7      | Reached XP level 9. HP: 65/65 MP: 14/18
  6349 | D:6      | Found a blossoming altar of Fedhas.
  6717 | D:6      | Found a snail-covered altar of Cheibriados.
  6742 | D:6      | Noticed Maggie
  6887 | D:5      | Found an opulent altar of Gozag.
  7288 | D:6      | Noticed Edmund
  7403 | D:6      | Killed Edmund
  7642 | D:6      | HP: 3/65 [Maggie/bolt of fire (22)]
  7644 | D:6      | Killed Maggie
  8469 | D:7      | Noticed a hornet
  8474 | D:7      | Killed a hornet
  9351 | D:8      | Found a burning altar of Makhleb.
  9369 | D:8      | Reached skill level 5 in Invocations
 10175 | D:9      | Reached skill level 5 in Maces & Flails
 10175 | D:9      | Reached XP level 10. HP: 73/73 MP: 16/20
 10422 | D:9      | Reached skill level 5 in Fighting
 10422 | D:9      | Reached skill level 5 in Short Blades
 10422 | D:9      | Reached skill level 5 in Long Blades
 10422 | D:9      | Reached skill level 5 in Axes
 10422 | D:9      | Reached skill level 5 in Polearms
 10422 | D:9      | Reached skill level 5 in Staves
 10422 | D:9      | Reached skill level 5 in Slings
 10422 | D:9      | Reached skill level 5 in Bows
 10422 | D:9      | Reached skill level 5 in Crossbows
 10422 | D:9      | Reached skill level 5 in Throwing
 10422 | D:9      | Reached skill level 5 in Armour
 10422 | D:9      | Reached skill level 5 in Shields
 10422 | D:9      | Reached skill level 5 in Unarmed Combat
 10422 | D:9      | Reached skill level 5 in Evocations
 10571 | D:9      | Reached * piety under Vehumet
 10571 | D:9      | Offered knowledge of Sandblast by Vehumet.
 10750 | D:9      | Found an iron altar of Okawaru.
 11075 | D:9      | Found an ancient bone altar of Kikubaaqudgha.
 11078 | D:9      | Found an iron altar of Okawaru.
 11079 | D:9      | Found the +7 sceptre of Torment {pain, torment}
 11081 | D:9      | Found an ornate altar of the Wu Jian Council.
 11084 | D:9      | Found a hide-covered altar of Uskayaw.
 11211 | D:10     | Entered Level 10 of the Dungeon
 11217 | D:10     | Noticed Harold
 11218 | D:10     | Noticed a gargoyle
 11848 | D:10     | Offered knowledge of Foxfire by Vehumet.
 11933 | D:10     | Found a staircase to the Orcish Mines.
 11967 | D:10     | Found a staircase to the Lair.
 11986 | D:10     | Killed a gargoyle
 12002 | D:10     | Reached ** piety under Vehumet
 12446 | D:10     | Killed Harold
 12796 | D:10     | Reached XP level 11. HP: 81/81 MP: 14/22
 12797 | D:10     | Found a roughly hewn altar of Beogh.
 13480 | D:11     | Reached skill level 5 in Hexes
 13480 | D:11     | Reached skill level 5 in Summonings
 13480 | D:11     | Reached skill level 5 in Necromancy
 13480 | D:11     | Reached skill level 5 in Translocations
 13480 | D:11     | Reached skill level 5 in Transmutations
 13480 | D:11     | Reached skill level 5 in Fire Magic
 13480 | D:11     | Reached skill level 5 in Ice Magic
 13480 | D:11     | Reached skill level 5 in Air Magic
 13480 | D:11     | Reached skill level 5 in Earth Magic
 13480 | D:11     | Reached skill level 5 in Poison Magic
 13974 | D:11     | Found Neessanapp's Weapon Shoppe.
 14012 | D:11     | Noticed a skeletal warrior
 14085 | D:11     | HP: 1/81 [skeletal warrior/+0 war axe (12)]
 14086 | D:11     | Killed a skeletal warrior
 14518 | D:11     | Offered knowledge of Ignite Poison by Vehumet.
 15019 | D:11     | Noticed a cyclops
 15035 | D:11     | Killed a cyclops
 15035 | D:11     | Noticed a boulder beetle
 15192 | D:11     | Noticed a cyclops
 15199 | D:11     | Killed a cyclops
 15279 | D:11     | Noticed a deep elf mage
 15286 | D:11     | Killed a deep elf mage
 15343 | D:11     | Noticed a necromancer
 15351 | D:11     | Killed a necromancer
 15351 | D:11     | Reached *** piety under Vehumet
 15650 | D:11     | Killed a boulder beetle
 16069 | D:11     | Reached XP level 12. HP: 88/89 MP: 12/24
 16790 | Orc:1    | Entered Level 1 of the Orcish Mines
 16843 | Orc:1    | Offered knowledge of Inner Flame by Vehumet.
 17603 | Orc:1    | Noticed an orc high priest
 17640 | D:10     | Reached **** piety under Vehumet
 18024 | Orc:1    | Noticed a soul eater
 18206 | Orc:1    | Noticed Josephine
 18279 | Orc:1    | Noticed a sun demon
 18537 | Orc:1    | Killed an orc high priest
 18554 | D:10     | Killed Josephine
 18554 | D:10     | Offered knowledge of Hailstorm by Vehumet.
 19098 | Orc:2    | Entered Level 2 of the Orcish Mines
 19192 | Orc:2    | Noticed Nessos
 19211 | Orc:2    | Killed Nessos
 19228 | Orc:2    | Killed from afar by an orc sorcerer

Illustrated notes

Levels and vault maps discovered:
D:1:      lightli_arrival_noodles, layout_loops_ring
D:2:      layout_rooms, serial_bayou_lake_a, uniq_terence
D:3:      layout_loops_corners, roderic_malta_cross, nrook_campfire,
          chequers_arboretum, uniq_jessica, uniq_ijyb, uniq_grinder, uniq_robin
D:4:      cheibrodos_pilgrimage, layout_rooms
D:5:      layout_cave_pods, grunt_gozag_breadcrumbs
D:6:      layout_basic, kennysheep_slug_shrine, fedhas_ov_isle_minmay,
          uniq_edmund, uniq_maggie
D:7:      layout_basic, minmay_temple_entry_waves
D:8:      layout_loops_cross, old_standard_altar, enter_bailey_2
D:9:      layout_rooms, grunt_temple_overflow_cloverleaf,
          kennysheep_okawaru_gauntlet
D:10:     layout_rooms, lair_entry_dummy, minmay_orc_entry_temple_small,
          small_statue_alley_b, chequers_serial_rivers_micro_c, uniq_harold
D:11:     hangedman_screamer, layout_basic, serial_shops, shop_fountains
D:12:     layout_basic, serial_shops, shop_fountains, gauntlet_entry_generic,
          uniq_snorg
Temple:   eino_temple_scatter_basement
Orc:1:    layout_caves, uniq_josephine
Orc:2:    st_orc_mages, layout_diamond_mine, nicolae_volcano_entry_batcave,
          uniq_nessos

Skill      XL: |  1  2  3  4  5  6  7  8  9 10 11 12 |
---------------+-------------------------------------+-----
Spellcasting   | 5 6 7 8 9 |  9.1
Invocations    | 1 2 3 4 5 6 7 8 |  8.2
Fighting       | 1 2 3 4 5 6 7 |  7.5
Short Blades   | 1 2 3 4 5 6 7 |  7.5
Long Blades    | 1 2 3 4 5 6 7 |  7.5
Axes           | 1 2 3 4 5 6 7 |  7.5
Maces & Flails | 1 2 3 5 6 8 9 |  9.5
Polearms       | 1 2 3 4 5 6 7 |  7.5
Staves         | 1 2 3 4 5 6 7 |  7.5
Slings         | 1 2 3 4 5 6 7 |  7.5
Bows           | 1 2 3 4 5 6 7 |  7.5
Crossbows      | 1 2 3 4 5 6 7 |  7.5
Throwing       | 1 2 3 4 5 6 7 |  7.5
Armour         | 1 2 3 4 5 6 7 |  7.5
Shields        | 1 2 3 4 5 6 7 |  7.5
Unarmed Combat | 1 2 3 4 5 6 7 |  7.5
Evocations     | 1 2 3 4 5 6 7 |  7.5
Hexes          | 1 2 3 4 5 6 |  6.2
Summonings     | 1 2 3 4 5 6 |  6.2
Necromancy     | 1 2 3 4 5 6 |  6.2
Translocations | 1 2 3 4 5 6 |  6.2
Transmutations | 1 2 3 4 5 6 |  6.2
Fire Magic     | 1 2 3 4 5 6 |  6.2
Ice Magic      | 1 2 3 4 5 6 |  6.2
Air Magic      | 1 2 3 4 5 6 |  6.2
Earth Magic    | 1 2 3 4 5 6 |  6.2
Poison Magic   | 1 2 3 4 5 6 |  6.2
Dodging        | 5 6 7 8 |  8.9
Stealth        | 5 6 7 8 |  8.6
Conjurations   | 8 9 |  9.5

Action                   |  1- 3 |  4- 6 |  7- 9 | 10-12 || total
-------------------------+-------+-------+-------+-------++-------
Melee: Dagger            |       |    15 |       |       ||    15
       Bite              |       |     5 |     1 |     9 ||    15
       Dire flail        |       |       |    11 |   106 ||   117
       Spear             |       |       |     2 |       ||     2
 Cast: Magic Dart        |    64 |    69 |    99 |     6 ||   238
       Searing Ray       |       |    10 |    52 |    54 ||   116
       Fulminant Prism   |       |     2 |    14 |    27 ||    43
       Iskenderun's Myst |       |       |    23 |   148 ||   171
Evoke: Wand              |       |       |     4 |    20 ||    24
  Use: Potion            |       |       |       |     6 ||     6
 Stab: Paralysed         |       |       |       |     5 ||     5
       Distracted        |       |       |       |     1 ||     1
       Sleeping          |       |       |       |     1 ||     1
Armor: Robe              |       |     6 |     5 |       ||    11
       Steam dragon scal |       |       |     5 |    29 ||    34
       Ring mail         |       |       |       |    53 ||    53
Dodge: Dodged            |     1 |    19 |    59 |   229 ||   308
